 Dungeon Crawl Stone Soup version 0.21.0 (webtiles) character file.

125531 TheDeThijs the Warrior (level 16, -7/159 HPs)
             Began as a Hill Orc Fighter on Jan 6, 2018.
             Was the Champion of Beogh.
             Mangled by a wolf spider (18 damage)
             ... on level 4 of the Spider Nest.
             The game lasted 02:18:44 (34326 turns).

TheDeThijs the Warrior (Hill Orc Fighter)          Turns: 34326, Time: 02:18:46

Health: -7/159     AC: 24    Str: 22    XL:     16   Next: 96%
Magic:  0/18       EV:  8    Int:  8    God:    Beogh [******]
Gold:   1423       SH: 17    Dex: 14    Spells: 15/15 levels left

rFire    . . .     SeeInvis +   j - +2 war axe (elec)
rCold    + + +     Gourm    .   c - +0 shield
rNeg     + . .     Faith    .   K - +3 plate armour
rPois    +         Spirit   .   I - -2 hat of the Alchemist {rElec rPois rF+ rC+ rN+ MR+ rMut rCorr}
rElec    +         Reflect  +   (no cloak)
rCorr    +         Harm     .   D - +2 pair of gloves
rMut     +                      t - +0 pair of boots
MR       ++++.                  z - +3 amulet of reflection
Stlth    ..........             y - ring of protection from cold
HPRegen  0.36/turn              C - ring "Osmat" {Ice +Blink MR++ Str-2 SInv}
MPRegen  0.16/turn

@: hasted, drained, very quick
A: walk on water, agile 1, blurry vision 1
a: Smiting, Recall Orcish Followers, Give Item to Named Follower, Resurrection,
Renounce Religion, Evoke Blink


You were on level 4 of the Spider Nest.
You worshipped Beogh.
Beogh was exalted by your worship.
You were not hungry.

You visited 5 branches of the dungeon, and saw 28 of its levels.
You also visited: Ice Cave and Volcano.

You collected 3015 gold pieces.
You spent 1592 gold pieces at shops.

Inventory:

Hand Weapons
 j - a +2 war axe of electrocution (weapon)
Armour
 c - a +0 shield (worn)
 t - a +0 pair of boots (worn)
 D - a +2 pair of gloves (worn)
 I - the -2 hat of the Alchemist (worn) {rElec rPois rF+ rC+ rN+ MR+ rMut rCorr}
   (You bought it in a shop on level 7 of the Dungeon)

   It protects you from fire.
   It protects you from cold.
   It insulates you from electricity.
   It protects you from poison.
   It protects you from negative energy.
   It affects your resistance to hostile enchantments.
   It protects you from acid and corrosion.
   It protects you from mutation.
 K - a +3 plate armour (worn)
Jewellery
 y - a ring of protection from cold (left hand)
 z - a +3 amulet of reflection (around neck)
 C - the ring "Osmat" (right hand) {Ice +Blink MR++ Str-2 SInv}
   (You found it on level 8 of the Dungeon)

   [ring of ice]

   It enhances your ice magic.
   It affects your strength (-2).
   It makes you vulnerable to fire.
   It protects you from cold.
   It affects your resistance to hostile enchantments.
   It lets you see invisible.
   It lets you blink.
 S - the ring of Xom's Outrage {Wiz rElec rF- rC+++ Stlth+}
   (You found it on level 6 of the Lair of Beasts)

   [ring of wizardry]

   It improves your spell success rate.
   It makes you vulnerable to fire.
   It renders you almost immune to cold.
   It insulates you from electricity.
   It makes you more stealthy.
 T - an uncursed ring of magical power
 W - an uncursed amulet of magic regeneration
 X - a cursed ring of teleportation {unknown}
Wands
 b - a wand of iceblast (37)
 o - a wand of paralysis (15)
 w - a wand of polymorph (21)
 A - a wand of disintegration (8)
 B - a wand of flame (14)
 H - a wand of digging (52)
 R - a wand of random effects (93)
 U - a wand of clouds (1)
Scrolls
 d - 3 scrolls of blinking
 e - 5 scrolls of magic mapping
 g - 7 scrolls of identify
 h - 2 scrolls of fear
 l - 19 scrolls of remove curse
 m - 4 scrolls of immolation
 p - 5 scrolls of amnesia
 u - 2 scrolls of fog
 v - 20 scrolls of teleportation
 x - 4 scrolls of summoning
 E - 3 scrolls of enchant armour
 O - 2 scrolls of enchant weapon
 Q - a scroll of brand weapon
Potions
 a - 2 potions of lignification
 i - a potion of magic
 k - 3 potions of brilliance
 n - 3 potions of might
 q - a potion of curing
 s - 4 potions of ambrosia
 F - 2 potions of resistance
 G - a potion of flight
 M - 2 potions of cancellation
 N - a potion of berserk rage
 P - 3 potions of agility
Books
 r - a book of Fire

   Spells                             Type                      Level
   a - Ignite Poison                  Fire/Transmutation/Poison    3
   b - Fireball                       Conjuration/Fire             5
   c - Bolt of Fire                   Conjuration/Fire             6
   d - Ring of Flames                 Charms/Fire                  7
   e - Ignition                       Fire                         8
 J - a book of Air

   Spells                             Type                      Level
   a - Shock                          Conjuration/Air              1
   b - Swiftness                      Charms/Air                   2
   c - Static Discharge               Conjuration/Air              3
   d - Airstrike                      Air                          4
   e - Lightning Bolt                 Conjuration/Air              5
 V - a book of Minor Magic

   Spells                             Type                      Level
   a - Magic Dart                     Conjuration                  1
   b - Blink                          Translocation                2
   c - Call Imp                       Summoning                    2
   d - Slow                           Hexes                        2
   e - Conjure Flame                  Conjuration/Fire             3
   f - Mephitic Cloud                 Conjuration/Poison/Air       3
Comestibles
 f - 47 rations


   Skills:
 + Level 18.4(18.0) Fighting
 - Level 16.0(15.6) Axes
 + Level 17.7(17.3) Armour
 + Level 1.6(1.4) Dodging
 - Level 15.0(14.6) Shields
 - Level 2.7(2.4) Invocations
 - Level 0.1(0.0) Evocations


You had 15 spell levels left.
You didn't know any spells.

Dungeon Overview and Level Annotations

Branches:
Dungeon (15/15)            Temple (1/1) D:4            Lair (6/6) D:10
 Shoals (0/4) Lair:4       Spider (4/4) Lair:3        Slime (0/5) Lair:6
    Orc (2/2) D:12            Elf (0/3) Orc:2        Vaults (0/5) D:13
 Depths (0/5) D:15

Altars:
Ashenzari
Cheibriados
Dithmenos
Elyvilon
Fedhas
Gozag
Hepliaklqana
Kikubaaqudgha
Makhleb
Nemelex Xobeh
Okawaru
Qazlal
Ru
Sif Muna
Trog
Uskayaw
Vehumet
Wu Jian
Xom
Yredelemnul
Zin
The Shining One
Beogh

Shops:
D:7 *   D:9 (   D:10 ?}*   D:15 [   Orc:2 :*[%

Portals:
Pandemonium: Orc:2
Trove: D:14 (give +2 gold dragon scales)

Annotations:
Spider:4 Asterion


Innate Abilities, Weirdness & Mutations

You can walk on water.
You are agile. (Dex +2)
Scrolls take you a little longer to read.


Message History

The Executioner gestures at you. You resist with almost no effort.
The ghost moth stares at you.
You feel your power leaking away.
Asterion says, "No maze can contain me."
You block the wolf spider's attack. The wolf spider bites you.
* * * LOW HITPOINT WARNING * * *
You block the Executioner's attack. The Executioner barely misses you.
You block the Executioner's attack. You block the Executioner's attack.
The Executioner hits you.
* * * LOW HITPOINT WARNING * * *
The Executioner barely misses you.
You block the wolf spider's attack. x3; The wolf spider completely misses you.
The ghost moth stares at you.
You feel your power leaking away.
The wolf spider hits you but does no damage.
The wolf spider bites you!
* * * LOW HITPOINT WARNING * * *
The wolf spider hits you!!
You die...

#...#######
######...##...###
#...............####
#....#.........^.#.## ###
##...............#^.#
#..##..................##
##............^........##
###=......................#
#..^.....1@...............#
##.......yss...............#
#.........H.^.......<..#####
###..^..o..............##
#.......<.y.y........###
^.......))..........##
##......)†).)).(...##
##......|.)).......^
##......)†.)....# #.. ##


You could see Asterion, a ghost moth (invisible), an Executioner, 2 wolf
spiders, a moth of wrath, a hornet (berserk) and a friendly orc wizard.

Vanquished Creatures
  Jorgrun (Spider:4)
  Rupert (D:12)
  A juggernaut zombie (D:15)
  An entropy weaver (Spider:1)
  Azrael (D:12)
  A vault guard (D:14)
  6 hydras
  A catoblepas (Lair:6)
  2 centaur warriors (D:13)
  A tengu warrior (D:13)
  6 two-headed ogres
  A deep troll shaman (Lair:6)
  A queen ant (Spider:1)
  11 death yaks
  An orc high priest (Orc:2)
  The ghost of Sprouick the Whirler, a novice HaHu of Okawaru (D:8)
  An iron troll (D:13)
  7 skeletal warriors
  A wizard (D:13)
  An unseen horror (D:15)
  A tengu zombie (D:15)
  2 anaconda skeletons (Volcano)
  7 wolf spiders
  6 ugly things
  An orc sorcerer (Orc:2)
  3 orb spiders
  A manticore (D:13)
  2 black mambas
  2 moths of wrath (Spider:4)
  13 elephants
  2 ice statues (IceCv)
  Psyche (D:12)
  2 torpor snails
  The ghost of p0werm0de the Charlatan, a novice HuAr of Cheibriados (D:7)
  3 spiny frogs
  6 gargoyles
  4 rime drakes
  2 demonic crawlers
  4 komodo dragons
  11 ice devils
  A freezing wraith (D:15)
  3 trolls
  3 polar bears
  8 jumping spiders
  3 meliai
  A fire dragon zombie (D:15)
  4 slime creatures
  7 blink frogs
  A harpy skeleton (Volcano)
  4 dream sheep (Lair:5)
  6 hippogriffs
  A snapping turtle (Lair:4)
  2 flying skulls (Volcano)
  8 tarantellas
  An alligator skeleton (Volcano)
  25 redbacks
  A vampire (D:13)
  34 yaks
  4 wyverns
  3 fire elementals
  2 basilisks
  2 neqoxecs (Orc:2)
  5 vampire mosquitoes
  Menkaure (D:4)
  A steam dragon (D:8)
  A warg (Orc:2)
  10 soldier ants
  2 acid dragons
  A soldier ant (shapeshifter) (D:13)
  6 water moccasins
  5 hell hounds
  5 porcupines
  A swamp drake (D:12)
  13 orc warriors
  8 ice beasts
  A black bear (Lair:5)
  3 phantoms
  6 sky beasts
  6 ogres
  7 necrophages
  6 wolves
  3 boggarts (D:15)
  5 centaurs
  7 crocodiles
  Blork the orc (D:5)
  11 bullfrogs
  5 scorpions
  A water moccasin skeleton (D:8)
  2 spriggan skeletons (Volcano)
  15 killer bees
  4 troll skeletons (Volcano)
  2 electric eels
  4 howler monkeys
  A centaur zombie (D:8)
  8 crimson imps
  2 bullfrog zombies
  4 hounds
  12 orc priests
  4 centaur skeletons
  5 jellies
  11 orc wizards
  Ijyb (D:4)
  A bullfrog skeleton (D:5)
  Natasha (thrice) (D:2)
  4 iguanas
  16 worker ants
  A naga skeleton (Volcano)
  2 hound skeletons (D:5)
  3 adders
  4 gnolls (D:6)
  3 shadow imps
  3 white imps (IceCv)
  3 ufetubi (IceCv)
  4 adder skeletons
  3 worms
  3 dart slugs (D:1)
  4 leopard geckos
  29 orcs
  8 giant cockroaches
  7 goblins
  3 hobgoblins
  13 jackals
  4 quokkas
  5 bats
  2 frilled lizards
  A jackal skeleton (D:4)
  A kobold (D:1)
  9 rats
  8 fungi
  2 plants
590 creatures vanquished.

Vanquished Creatures (collateral kills)
  Arachne (Spider:2)
  Agnes (Spider:4)
  A ghost moth (Spider:3)
  The ghost of removed the Spry, a journeyman DEAr of Kikubaaqudgha (Orc:2)
  3 entropy weavers
  2 spark wasps (Spider:4)
  The ghost of Amaterasu the Severer, a journeyman HOFi of Gozag (Orc:1)
  4 hydras
  A catoblepas (D:14)
  2 two-headed ogres
  2 death yaks (Lair:6)
  2 orc high priests (Orc:2)
  A gelid demonspawn (Orc:2)
  An infernal demonspawn (Orc:2)
  A torturous demonspawn (Orc:2)
  A flayed ghost (D:15)
  11 wolf spiders
  5 orc sorcerers (Orc:2)
  3 deep elf magi
  6 orb spiders
  A necromancer (D:15)
  A stone giant zombie (D:15)
  4 orc knights (Orc:2)
  3 ugly things (D:14)
  A cyclops (D:13)
  12 elephants
  2 black mambas
  4 spiny frogs
  A centaur skeleton (D:15)
  2 komodo dragons
  2 demonic crawlers
  2 rime drakes (Lair:6)
  An efreet (D:14)
  A hellwing (Orc:2)
  8 jumping spiders
  An ice devil (Orc:2)
  2 trolls
  A polar bear (Lair:5)
  5 hornets
  3 meliai
  A queen bee (D:14)
  3 slime creatures (D:15)
  8 blink frogs
  4 hippogriffs
  2 shadows
  25 redbacks
  8 tarantellas
  6 yaks
  3 basilisks
  A chaos spawn (Orc:2)
  2 vampire mosquitoes
  11 soldier ants (Spider:1)
  A warg (Orc:1)
  3 water moccasins
  An ice beast (D:15)
  3 porcupines
  An eye of draining (D:11)
  8 orc warriors
  3 ogres
  2 black bears
  A boggart (D:15)
  A phantom (D:14)
  A wolf (Lair:6)
  4 crocodiles
  3 bullfrogs
  A wyvern skeleton (D:13)
  15 killer bees
  2 crimson imps (D:15)
  8 orc priests
  2 hounds
  A jelly (Lair:6)
  5 orc wizards
  10 worker ants (Spider:1)
  A shadow imp (D:13)
  A worm (Lair:3)
  11 orcs
  2 giant cockroaches (Lair:3)
  A bush (Lair:2)
  11 fungi
  8 plants
292 creatures vanquished.

Vanquished Creatures (others)
  An orc warlord (Spider:4)
  3 orc high priests
  2 orc sorcerers
  Sonja (D:12)
  8 orc knights
  4 wolf spiders (Spider:4)
  An orb spider (Spider:4)
  24 orc warriors
  A jumping spider (Spider:4)
  A flying skull (Volcano)
  3 redbacks (Spider:4)
  3 centaurs
  20 orc priests
  An iguana (D:14)
  13 orc wizards
  A shadow imp (D:14)
  5 white imps (IceCv)
  8 ufetubi (IceCv)
  44 orcs
  3 fungi
147 creatures vanquished.

Grand Total: 1029 creatures vanquished

Notes
Turn   | Place    | Note
-------+----------+-------------------------------------------
     0 | D:1      | TheDeThijs the Hill Orc Fighter began the quest for the Orb.
     0 | D:1      | Reached XP level 1. HP: 19/19 MP: 1/1
   107 | D:1      | Reached XP level 2. HP: 11/27 MP: 2/2
   109 | D:1      | Reached skill level 4 in Fighting
   591 | D:1      | Reached XP level 3. HP: 23/33 MP: 3/3
   906 | D:2      | Noticed Natasha
  1243 | D:2      | Killed Natasha
  1243 | D:2      | Reached XP level 4. HP: 35/40 MP: 4/4
  1289 | D:2      | Reached skill level 5 in Axes
  1372 | D:2      | Found a deep blue altar of Sif Muna.
  1377 | D:2      | Noticed Natasha
  1599 | D:2      | Killed Natasha
  1865 | D:2      | Noticed Natasha
  1882 | D:2      | Killed Natasha
  2014 | D:3      | Found a hide-covered altar of Uskayaw.
  2014 | D:3      | Noticed a hand axe
  2015 | D:3      | Noticed a hand axe
  2090 | D:3      | Found an iron altar of Okawaru.
  2148 | D:3      | Reached XP level 5. HP: 47/47 MP: 5/5
  2213 | D:3      | Became a worshipper of Beogh the Brigand
  2902 | D:4      | Gained mutation: Scrolls take you a little longer to read. [potion of mutation]
  2902 | D:4      | Gained mutation: You are agile. (Dex +2) [potion of mutation]
  3341 | D:4      | Noticed an ogre
  3659 | D:3      | Killed an ogre
  3659 | D:3      | Reached XP level 6. HP: 19/55 MP: 6/6
  4068 | D:4      | Found a staircase to the Ecumenical Temple.
  4073 | Temple   | Entered the Ecumenical Temple
  4287 | D:4      | Reached skill level 5 in Fighting
  4331 | D:4      | Noticed Menkaure
  4344 | D:5      | Entered Level 5 of the Dungeon
  4517 | D:5      | Noticed Blork the orc
  4518 | D:5      | Noticed an ice beast
  4923 | D:4      | Killed Menkaure
  4923 | D:4      | Reached XP level 7. HP: 41/61 MP: 7/7
  5068 | D:4      | Found a shimmering altar of Xom.
  5070 | D:4      | Found a bloodstained altar of Trog.
  5070 | D:4      | Found an ornate altar of the Wu Jian Council.
  5072 | D:4      | Found a glowing golden altar of the Shining One.
  5072 | D:4      | Found a shimmering altar of Xom.
  5072 | D:4      | Found a burning altar of Makhleb.
  5544 | D:5      | Noticed Ijyb
  5583 | D:4      | Killed Ijyb
  5600 | D:4      | Reached skill level 10 in Axes
  5637 | D:5      | Found a shadowy altar of Dithmenos.
  5642 | D:5      | Reached * piety under Beogh
  5728 | D:5      | Reached XP level 8. HP: 58/70 MP: 8/8
  5880 | D:5      | Found a sparkling altar of Nemelex Xobeh.
  5975 | D:5      | Killed Blork the orc
  5998 | D:5      | Reached skill level 6 in Fighting
  7144 | D:6      | Noticed a hippogriff
  7288 | D:6      | Reached XP level 9. HP: 67/78 MP: 9/9
  7645 | D:7      | Found a snail-covered altar of Cheibriados.
  7656 | D:7      | Reached skill level 7 in Fighting
  7701 | D:6      | Reached ** piety under Beogh
  7937 | D:7      | Found Loghux's General Store.
  7976 | D:7      | Noticed p0werm0de's ghost (novice HuAr)
  8006 | D:7      | Killed p0werm0de's ghost
  8287 | D:8      | Reached skill level 15 in Axes
  8341 | D:8      | Noticed a two-headed ogre
  8383 | D:8      | Reached XP level 10. HP: 47/88 MP: 10/10
  8384 | D:8      | Killed a two-headed ogre
  8384 | D:8      | Reached skill level 8 in Fighting
  8435 | D:8      | Noticed Sprouick's ghost (novice HaHu)
  8462 | D:8      | Killed Sprouick's ghost
  8693 | D:8      | Got a brightly glowing scale mail
  8705 | D:8      | Identified the +1 scale mail of the Accordion {Stlth+} (You found it on level 8 of the Dungeon)
  8829 | D:8      | Reached skill level 9 in Fighting
  9178 | D:8      | Got a slimy marble ring
  9179 | D:8      | Identified the ring "Osmat" {Ice +Blink MR++ Str-2 SInv} (You found it on level 8 of the Dungeon)
  9297 | D:9      | Found a stormy altar of Qazlal.
  9344 | D:9      | Noticed a two-headed ogre
  9350 | D:9      | Killed a two-headed ogre
  9350 | D:9      | Reached skill level 5 in Armour
  9350 | D:9      | Reached skill level 5 in Shields
  9424 | D:9      | Reached *** piety under Beogh
  9424 | D:9      | Reached skill level 10 in Fighting
  9508 | D:9      | Found Cufue's Weapon Shop.
  9788 | D:10     | Entered Level 10 of the Dungeon
  9794 | D:10     | Reached XP level 11. HP: 89/99 MP: 11/11
  9878 | D:10     | Found Cemy's Magic Scroll Shoppe.
 10000 | D:10     | Noticed a death yak
 10002 | D:10     | Found a staircase to the Lair.
 10002 | D:10     | Noticed a death yak
 10002 | D:10     | Noticed a death yak
 10003 | D:10     | Noticed a death yak
 10003 | D:10     | Noticed a death yak
 10004 | D:10     | Noticed a death yak
 10006 | D:10     | Noticed a death yak
 10096 | D:10     | Killed a death yak
 10105 | D:10     | Killed a death yak
 10119 | D:10     | Killed a death yak
 10486 | D:9      | Killed a death yak
 10561 | D:9      | Killed a death yak
 10572 | D:9      | Killed a death yak
 10865 | D:10     | Killed a death yak
 10967 | D:10     | Found Daameaku's Assorted Antiques.
 10997 | D:10     | Found Telisof's Gadget Emporium.
 11609 | D:11     | Noticed a purple ugly thing
 11646 | D:10     | Killed a purple ugly thing
 11776 | D:11     | Reached XP level 12. HP: 104/106 MP: 12/12
 12050 | D:11     | Noticed a four-headed hydra
 12096 | D:10     | Killed a nine-headed hydra
 12096 | D:10     | Reached skill level 10 in Armour
 12416 | D:11     | Reached **** piety under Beogh
 12972 | D:12     | Noticed Azrael
 13206 | D:12     | Reached skill level 10 in Shields
 13536 | D:12     | Noticed a two-headed ogre
 13546 | D:12     | Killed a two-headed ogre
 13587 | D:12     | Noticed Sonja
 13595 | D:12     | Killed Sonja
 14229 | D:12     | Killed Azrael
 14229 | D:12     | Reached skill level 11 in Fighting
 14662 | D:12     | Found a staircase to the Orcish Mines.
 14787 | D:12     | Noticed Rupert
 14799 | D:12     | Killed Rupert
 14808 | D:12     | Noticed Psyche
 14819 | D:12     | Killed Psyche
 14996 | Orc:1    | Entered Level 1 of the Orcish Mines
 15053 | Orc:1    | Reached XP level 13. HP: 117/117 MP: 13/13
 15071 | Orc:1    | Noticed Amaterasu's ghost (journeyman HOFi)
 15081 | Orc:1    | Killed Amaterasu's ghost
 15115 | Orc:1    | Found a roughly hewn altar of Beogh.
 15187 | Orc:1    | You fall through a shaft!
 15187 | Orc:2    | Entered Level 2 of the Orcish Mines
 15193 | Orc:2    | Reached ***** piety under Beogh
 15219 | Orc:2    | Reached skill level 12 in Fighting
 15288 | Orc:2    | Gained Ognian as an ally
 15682 | Orc:2    | Noticed removed's ghost (journeyman DEAr)
 15698 | Orc:2    | Killed removed's ghost
 15722 | Orc:2    | Found a staircase to the Elven Halls.
 15842 | Orc:2    | Gained Wardok as an ally
 15849 | Orc:2    | Found Cach's Food Shop.
 15851 | Orc:2    | Found Roleruciha's General Store.
 16051 | Orc:2    | Found a roughly hewn altar of Beogh.
 16269 | Orc:2    | HP: 4/119 [infernal demonspawn/demon blade of draining (21)]
 16278 | Orc:2    | Reached skill level 1 in Invocations
 16349 | Orc:2    | Found Kaanaxaun's Book Shoppe.
 16349 | Orc:2    | Found Muinul Hese's Antique Armour Emporium.
 16350 | Orc:2    | Found a one-way gate leading to the halls of Pandemonium.
 16361 | Orc:2    | Bought a shiny plate armour for 884 gold pieces
 17488 | D:13     | Your ally Ognian died
 17491 | D:13     | Gained Oruk as an ally
 18158 | D:13     | Found a gate to the Vaults.
 18576 | D:14     | Reached skill level 13 in Fighting
 18637 | D:14     | Reached ****** piety under Beogh
 18658 | D:14     | Reached XP level 14. HP: 52/129 MP: 16/16
 18668 | D:14     | Your ally Wardok died
 19273 | D:14     | Found a glowing golden altar of the Shining One.
 19352 | D:14     | Got an ancient buckler
 19363 | D:14     | Identified the +0 buckler "Xog Waw" {rPois rN+ Int-4 Dex+2} (You found it on level 14 of the Dungeon)
 20096 | D:14     | Found a portal to a secret trove of treasure.
 20176 | D:15     | Entered Level 15 of the Dungeon
 20357 | D:15     | Found Ipyjacwa's Armour Shop.
 20464 | D:15     | Found a staircase to the Depths.
 20921 | D:15     | Found a sacrificial altar of Ru.
 21432 | D:7      | Bought the -2 hat of the Alchemist {rElec rPois rF+ rC+ rN+ MR+ rMut rCorr} for 708 gold pieces
 21432 | D:7      | Found the -2 hat of the Alchemist {rElec rPois rF+ rC+ rN+ MR+ rMut rCorr}
 21510 | Lair:1   | Entered Level 1 of the Lair of Beasts
 21943 | Lair:1   | Reached skill level 14 in Fighting
 22529 | Lair:2   | Gained Orkwin as an ally
 23802 | Lair:3   | Found a hole to the Spider Nest.
 24676 | Lair:4   | Reached XP level 15. HP: 88/139 MP: 17/17
 24703 | Lair:4   | Gained Garbold as an ally
 24858 | Lair:4   | Found a staircase to the Shoals.
 25093 | Lair:4   | Reached skill level 15 in Shields
 25171 | Lair:4   | Found a dark tunnel.
 25184 | Volcano  | Entered a volcano
 25427 | Volcano  | Reached skill level 15 in Fighting
 26149 | Lair:5   | Reached skill level 15 in Armour
 26535 | Lair:5   | Found a glowing silver altar of Zin.
 26692 | Lair:5   | Got a brightly glowing halberd
 26695 | Lair:5   | Identified the cursed +1 halberd of Teenk {antimagic, rPois rF++} (You found it on level 5 of the Lair of Beasts)
 26979 | Lair:6   | Entered Level 6 of the Lair of Beasts
 27184 | Lair:6   | Reached skill level 16 in Fighting
 27292 | Lair:6   | Found a staircase to the Slime Pits.
 28031 | Lair:6   | Got a steaming golden ring
 28038 | Lair:6   | Identified the ring of Xom's Outrage {Wiz rElec rF- rC+++ Stlth+} (You found it on level 6 of the Lair of Beasts)
 28267 | Spider:1 | Entered Level 1 of the Spider Nest
 28281 | Spider:1 | Reached XP level 16. HP: 97/154 MP: 18/18
 28295 | Spider:1 | Reached skill level 17 in Fighting
 28572 | Spider:1 | Found a frozen archway.
 28752 | IceCv    | Entered an ice cave
 29200 | IceCv    | Noticed an Ice Fiend
 29201 | IceCv    | Noticed an Ice Fiend
 29218 | IceCv    | HP: 7/155 [??? (3)]
 29220 | IceCv    | HP: 1/155 [Ice Fiend/bolt of cold (7)]
 29228 | IceCv    | HP: 2/155 [something (1)]
 29243 | IceCv    | HP: 5/155 [something (1)]
 30911 | Spider:2 | You fall through a shaft!
 31587 | Spider:2 | Noticed Arachne
 31623 | Spider:2 | Killed Arachne
 32340 | Spider:2 | Reached skill level 1 in Dodging
 32599 | Spider:3 | Reached skill level 18 in Fighting
 33205 | Spider:4 | Entered Level 4 of the Spider Nest
 33274 | Spider:4 | Noticed Agnes
 33280 | Spider:4 | Killed Agnes
 33752 | Spider:4 | Noticed Jorgrun
 33758 | Spider:4 | Your ally Orkwin died
 33770 | Spider:4 | Your ally Garbold died
 34302 | Spider:4 | Your ally Oruk died
 34306 | Spider:4 | Noticed Asterion
 34310 | Spider:4 | Noticed an Executioner
 34320 | Spider:4 | Killed Jorgrun
 34326 | Spider:4 | Mangled by a wolf spider

Skill      XL: |  1  2  3  4  5  6  7  8  9 10 11 12 13 14 15 16 |
---------------+-------------------------------------------------+-----
Axes           | 3 4 6 7 9 10 12 15 16 | 16.0
Fighting       | 4 5 6 7 10 11 13 14 16 18 | 18.4
Armour         | 5 9 11 12 14 15 17 | 17.7
Shields        | 5 9 11 13 14 15 | 15.0
Invocations    | 2 |  2.7
Dodging        | 1 |  1.6
Evocations     | |  0.1

Action                   |  1- 3 |  4- 6 |  7- 9 | 10-12 | 13-15 | 16-18 || total
-------------------------+-------+-------+-------+-------+-------+-------++-------
Melee: War axe           |   105 |   164 |   393 |   418 |  1016 |   424 ||  2520
Invok: Convert to Beogh  |       |     1 |       |       |       |       ||     1
       Recall Orcish Fol |       |       |       |       |    17 |     9 ||    26
       Stop Recall       |       |       |       |       |     7 |     3 ||    10
       Smiting           |       |       |       |       |     1 |       ||     1
 Abil: Evoke Blink       |       |       |       |     3 |     4 |       ||     7
Evoke: Wand              |       |     5 |     5 |    11 |     1 |     3 ||    25
  Use: Potion            |       |     2 |     7 |     6 |     2 |    11 ||    28
       Scroll            |       |     7 |     3 |     5 |     6 |     2 ||    23
 Stab: Paralysed         |       |     5 |       |       |       |       ||     5
       Fleeing           |       |     1 |       |       |       |       ||     1
       Confused          |       |       |       |     2 |       |       ||     2
       Distracted        |       |       |       |     1 |    15 |     3 ||    19
  Eat: Chunk             |       |     9 |    10 |     7 |    13 |     2 ||    41
       Ration            |       |     2 |       |     4 |     9 |     5 ||    20
Armor: Scale mail        |    45 |    70 |       |       |       |       ||   115
       Plate armour      |       |       |   247 |   159 |   490 |   191 ||  1087
Dodge: Dodged            |    37 |    47 |    48 |    45 |   173 |    87 ||   437
Block: Shield            |    52 |    88 |   196 |   235 |   734 |   312 ||  1617
       Reflection        |       |       |     2 |    25 |    11 |     4 ||    42
